 Dungeon Crawl Stone Soup version 0.31-a0-986-g5e6e4ef867 (webtiles) character file.

Game seed: 14111975621344491401

35 mattiecakes the Shield-Bearer (level 3, -4/24 HPs)
             Began as a Gargoyle Fighter on Nov 14, 2023.
             Slain by Terence
             ... wielding a +2 heavy falchion
              (7 damage)
             ... on level 2 of the Dungeon.
             The game lasted 00:00:52 (1276 turns).

mattiecakes the Shield-Bearer (Gargoyle Fighter)    Turns: 1276, Time: 00:00:53

Health: -4/24      AC: 10    Str: 21    XL:     3   Next: 35%
Magic:  3/3        EV:  9    Int:  8    God:
Gold:   125        SH:  4    Dex:  9    Spells: 2/2 levels left

rFire   . . .        a - +0 war axe
rCold   . . .        c - +0 buckler
rNeg    + . .        b - +0 scale mail
rPois   ∞            (no helmet)
rElec   +            (no cloak)
rCorr   .            (no gloves)
SInv    .            (no boots)
Will    .....        g - amulet of magic regeneration Stlth
                     (no ring)
HPRegen 0.24/turn    (no ring)
MPRegen 0.48/turn

%: no passive effects
@: no status effects
A: sickness immunity, AC +3, negative energy resistance 1, electricity
resistance, torment resistance 1, petrification resistance
a: no special abilities


You were on level 2 of the Dungeon.
You visited 1 branch of the dungeon, and saw 2 of its levels.

You collected 125 gold pieces.

Inventory:

Hand Weapons
 a - a +0 war axe (weapon)
Armour
 b - a +0 scale mail (worn)
 c - a +0 buckler (worn)
Jewellery
 g - an amulet of magic regeneration (around neck)
 h - an amulet of guardian spirit
Scrolls
 e - 3 scrolls of identify {unknown}
 f - a scroll of enchant weapon {unknown}
 i - a scroll of immolation {unknown}
Potions
 d - 2 potions of might


   Skills:
 + Level 3.7 Fighting
 + Level 2.2 Axes
 + Level 3.6 Armour
 + Level 3.7 Shields


You had 2 spell levels left.
You didn't know any spells.
Your spell library was empty.

Dungeon Overview and Level Annotations

Branches:
Dungeon (2/15)

Altars:

Annotations:
D:2 Terence


Innate Abilities, Weirdness & Mutations

You are immune to sickness and miasma.
Your stone body is resilient. (AC +3)
You are immune to poison.
You resist negative energy. (rN+)
You are resistant to electric shocks. (rElec)
You are resistant to unholy torment.
You are immune to petrification.


Message History

Terence the Incautious comes into view.
He is wielding a +2 heavy falchion.
Terence is nearby!
Terence is nearby!
Terence is nearby!
Terence hits you with a +2 heavy falchion!
Ouch! That really hurt!
You are too injured to fight recklessly!
You are too injured to fight recklessly!
You are too injured to fight recklessly!
You are too injured to fight recklessly!
You are too injured to fight recklessly!
You are too injured to fight recklessly!
You are too injured to fight recklessly!
You are too injured to fight recklessly!
You are too injured to fight recklessly!
You are too injured to fight recklessly!
You are too injured to fight recklessly!
You are too injured to fight recklessly!
You are too injured to fight recklessly!
You are too injured to fight recklessly!
You are too injured to fight recklessly!
You are too injured to fight recklessly!
You are too injured to fight recklessly!
You are too injured to fight recklessly!
You are too injured to fight recklessly!
Unknown command.
Unknown command.
You barely miss Terence.
Terence hits you with a +2 heavy falchion!
* * * LOW HITPOINT WARNING * * *
You hit Terence.
Terence is lightly wounded.
You block Terence's attack.
You hit Terence but do no damage.
Terence is lightly wounded.
Terence barely misses you.
You barely miss Terence.
Terence is lightly wounded.
Terence hits you with a +2 heavy falchion!
You die...

.........# #.######.#
####.###.####.#......#
.......<.....)......#
######.###.####.#.......
......###.# #.#.......
#.....##.# #.#.......
#.....##.####.#.......
#.....#.......#.......
#...@@...#....##..#...
####.###.#....##..#...
...###.#............
......................
.....##.................
##.## #.................
#.. #.................
.. ####..............
#..........####


You could see Terence.

Vanquished Creatures
  An adder (D:2)
  2 dart slugs
  An endoplasm (D:1)
  2 giant cockroaches
  4 goblins
  2 hobgoblins (D:2)
  A quokka (D:2)
  2 bats
  2 frilled lizards
  3 kobolds
  3 rats (D:2)
23 creatures vanquished.

Notes
Turn   | Place    | Note
-------+----------+-------------------------------------------
     0 | D:1      | mattiecakes the Gargoyle Fighter began the quest for the
                  | Orb.
     0 | D:1      | Reached XP level 1. HP: 14/14 MP: 1/1
    37 | D:1      | Found a faded altar of an unknown god.
   430 | D:1      | Reached XP level 2. HP: 12/19 MP: 2/2
  1149 | D:2      | Reached XP level 3. HP: 23/23 MP: 3/3
  1269 | D:2      | Noticed Terence
  1276 | D:2      | Slain by Terence

Illustrated notes

Levels and vault maps discovered:
D:1:      lemuel_arrival_broad_hall, layout_basic, serial_co_window_serial,
          co_window_paths_a, co_window_paths_a, co_window_paths_b,
          co_window_paths_b, co_window_corner_a, co_window_of_opportunity_a,
          co_window_paths_a, co_window_corner_a, co_window_paths_a,
          co_window_corner_ca, co_window_corner_ca, co_window_of_opportunity_b,
          co_window_broadway_b, co_window_unsneaky_path_b, co_window_paths_c,
          glass_columns_b, nicolae_ecumenical_lake_church, hex_tiny
D:2:      layout_basic, nicolae_houndstooth_variations, uniq_terence

Skill      XL: |  1  2 |
---------------+-------+-----
Axes           | 2 |  2.2
Fighting       | |  3.7
Armour         | |  3.6
Shields        | |  3.7

Action                     || total
---------------------------++-------
  Melee: War axe           ||    64
 Armour: Scale mail        ||    56
  Dodge: Dodged            ||    33
  Block: Buckler           ||     9

Table legend: (Time is in decaauts)
 A = Elapsed time spent in this place.
 B = Non-inter-level travel time spent in this place.
 C = Inter-level travel time spent in this place.
 D = Time resting spent in this place.
 E = Time spent auto-exploring this place.
 F = Levels seen in this place.
 G = Mean time per level.
                   A        B        C        D        E       F      G
               +--------+--------+--------+--------+--------+-----+--------+
         Total |   1304 |   1218 |     86 |      0 |   1033 |   2 |  652.0 |
       Dungeon |   1304 |   1218 |     86 |      0 |   1033 |   2 |  652.0 |
               +--------+--------+--------+--------+--------+-----+--------+

Top non-repeatable levels by time:
     D:1: 1118 daAuts
     D:2: 186 daAuts
